Workbook

Sheet TABLE
H1: JANVIER | I1: FÉVRIER | J1: MARS | K1: AVRIL | L1: MAI
C2: 806400 | D2: =C2 -> 806400 | E2: CS | F2: CS | G2: Chiffre d'affaires réalisé avec Solutions (interne société) | H2: 1 | I2: 1 | J2: 1 | K2: 1 | L2: 1
C3: 806409 | D3: =C3 -> 806409 | E3: CS | F3: CS | G3: FAE et PCA sur le CA réalisé avec Solutions (intragroupe) | H3: 1 | I3: 1 | J3: 1 | K3: 1 | L3: 1
C4: 706400 | D4: =C4 -> 706400 | E4: CS | F4: CS | G4: Chiffre d'affaires réalisé avec Solutions (intragroupe) | H4: 1 | I4: 1 | J4: 1 | K4: 1 | L4: 1
C5: 706409 | D5: =C5 -> 706409 | E5: CS | F5: CS | G5: FAE et PCA sur le CA réalisé avec Solutions (intragroupe) | H5: 1 | I5: 1 | J5: 1 | K5: 1 | L5: 1
H6: 1 | I6: 1 | J6: 1 | K6: 1 | L6: 1
C7: 806410 | D7: =C7 -> 806410 | E7: CS | F7: CS | G7: Chiffre d'affaires réalisé avec Conseil (interne société) | H7: 1 | I7: 1 | J7: 1 | K7: 1 | L7: 1
C8: 806419 | D8: =C8 -> 806419 | E8: CS | F8: CS | G8: FAE et PCA sur le CA réalisé avec Conseil (intragroupe) | H8: 1 | I8: 1 | J8: 1 | K8: 1 | L8: 1
C9: 706410 | D9: =C9 -> 706410 | E9: CS | F9: CS | G9: Chiffre d'affaires réalisé avec Conseil (intragroupe) | H9: 2 | I9: 4 | J9: 6 | K9: 8 | L9: 10
C10: 706419 | D10: =C10 -> 706419 | E10: CS | F10: CS | G10: FAE et PCA sur le CA réalisé avec Conseil (intragroupe) | H10: 1 | I10: 1 | J10: 1 | K10: 1 | L10: 1
H11: 1 | I11: 1 | J11: 1 | K11: 1 | L11: 1
B12: RE006 | C12: 806430 | D12: =C12 -> 806430 | E12: CS | F12: CS | G12: Chiffre d'affaires réalisé avec Conseil (interne société) | H12: 1 | I12: 1 | J12: 1 | K12: 1 | L12: 1
B13: RE007 | C13: 806439 | D13: =C13 -> 806439 | E13: CS | F13: CS | G13: FAE et PCA sur le CA réalisé avec Conseil (intragroupe) | H13: 6 | I13: 1 | J13: 1 | K13: 1 | L13: 1
B14: RE0010 | C14: 706430 | D14: =C14 -> 706430 | E14: CS | F14: CS | G14: Chiffre d'affaires réalisé avec Conseil (intragroupe) | H14: 1 | I14: 1 | J14: 1 | K14: 1 | L14: 1
C15: 706439 | D15: =C15 -> 706439 | E15: CS | F15: CS | G15: FAE et PCA sur le CA réalisé avec Conseil (intragroupe) | H15: 1 | I15: 1 | J15: 1 | K15: 1 | L15: 1
C16: CA du Centre de Services
C17: Chiffre d'affaires TOTAL | H17: =H9+H16 -> 2 | I17: =I9+I16 -> 4 | J17: =J9+J16 -> 6 | K17: =K9+K16 -> 8 | L17: =L9+L16 -> 10
B20: RE008 | C20: 641000 | D20: =C20 -> 641000 | E20: CS | F20: PROD | G20: Salaires bruts | H20: 1 | I20: 2 | J20: 3 | K20: 4 | L20: 5
B21: RE008 | C21: 641102 | D21: =C21 -> 641102 | E21: CS | F21: PROD | G21: Complément chômage partiel | H21: 1 | I21: 2 | J21: 3 | K21: 4 | L21: 5
B22: RE008 | C22: 641400 | D22: =C22 -> 641400 | E22: CS | F22: PROD | G22: Avantages en nature | H22: 1 | I22: 2 | J22: 3 | K22: 4 | L22: 5
B23: RE008 | C23: 641150 | D23: =C23 -> 641150 | E23: CS | F23: PROD | G23: Primes provisionnées | H23: 1 | I23: 2 | J23: 3 | K23: 4 | L23: 5
B24: RE008 | C24: 645500 | D24: =C24 -> 645500 | E24: CS | F24: PROD | G24: Tickets restaurants | H24: 1 | I24: 2 | J24: 3 | K24: 4 | L24: 5
B25: RE008 | C25: 791000 | D25: =C25 -> 791000 | E25: CS | F25: PROD | G25: IJSS reçues suite à subrogation maladie (Sécurité sociale) | H25: 1 | I25: 2 | J25: 3 | K25: 4 | L25: 5
B26: RE008 | C26: 791010 | D26: =C26 -> 791010 | E26: CS | F26: PROD | G26: IJSS reçues suite à subrogation maladie (Prévoyance) | H26: 1 | I26: 2 | J26: 3 | K26: 4 | L26: 5
B27: RE008 | C27: 791100 | D27: =C27 -> 791100 | E27: CS | F27: PROD | G27: Reprise avantage en nature | H27: 1 | I27: 2 | J27: 3 | K27: 4 | L27: 5
C28: Salaires bruts | H28: =SUM(H20:H27) -> 8 | I28: =SUM(I20:I27) -> 16 | J28: =SUM(J20:J27) -> 24 | K28: =SUM(K20:K27) -> 32 | L28: =SUM(L20:L27) -> 40

Sheet ORGANISATION
A1: Mois | D1: CENTRE DE SERVICES | I1: 1 | J1: Janvier | K1: 1 | L1: =VLOOKUP(K1,I1:J12,2,0) -> Janvier
A2: Réalisé | B2: Objectif | C2: Diff% | I2: 2 | J2: Février
I3: 3 | J3: Mars
I4: 4 | J4: Avril
D5: Chiffre d'Affaires | I5: 5 | J5: Mai
I6: 6 | J6: Juin
D7: Prestations sous traitées hors groupe (Achat) | E7: RE007 | I7: 7 | J7: Juillet
A8: =SUMIFS(IF(ORGANISATION!$K$1=1,TABLE!H:H,""),TABLE!B:B,ORGANISATION!E8) -> 0 | I8: 8 | J8: Août
A9: =SUMIFS(IF(ORGANISATION!$K$1=1,TABLE!H:H,""),TABLE!B:B,ORGANISATION!E9) -> 8 | D9: Salaires chargés collaborateurs (productifs) | E9: RE008 | I9: 9 | J9: Septembre
A10: =SUMIFS(IF(ORGANISATION!$K$1=1,TABLE!H:H,""),TABLE!B:B,ORGANISATION!E10) -> 0 | D10: Frais de déplacement (productifs) | E10: RE009 | I10: 10 | J10: Octobre
A11: =SUMIFS(IF(ORGANISATION!$K$1=1,TABLE!H:H,""),TABLE!B:B,ORGANISATION!E11) -> 0 | D11: Frais de formation (productifs) | E11: RE010 | I11: 11 | J11: Novembre
A12: =SUMIFS(IF(ORGANISATION!$K$1=1,TABLE!H:H,""),TABLE!B:B,ORGANISATION!E12) -> 0 | I12: 12 | J12: Décembre
A13: =SUMIFS(IF(ORGANISATION!$K$1=1,TABLE!H:H,""),TABLE!B:B,ORGANISATION!E13) -> 0 | D13: Prestations sous traitées intragroupe (Achat)
A14: =SUMIFS(IF(ORGANISATION!$K$1=1,TABLE!H:H,""),TABLE!B:B,ORGANISATION!E14) -> 0 | D14: Prestations du Centre de Services (Achat)
A15: =SUMIFS(IF(ORGANISATION!$K$1=1,TABLE!H:H,""),TABLE!B:B,ORGANISATION!E15) -> 0
A16: =SUMIFS(IF(ORGANISATION!$K$1=1,TABLE!H:H,""),TABLE!B:B,ORGANISATION!E16) -> 0
A17: =SUMIFS(IF(ORGANISATION!$K$1=1,TABLE!H:H,""),TABLE!B:B,ORGANISATION!E17) -> 0 | D17: Clients douteux | E17: RE013
A18: =SUMIFS(IF(ORGANISATION!$K$1=1,TABLE!H:H,""),TABLE!B:B,ORGANISATION!E18) -> 0 | D18: Achats divers (licences, matériels etc.) | E18: RE014
A19: =SUMIFS(IF(ORGANISATION!$K$1=1,TABLE!H:H,""),TABLE!B:B,ORGANISATION!E19) -> 0
D20: Coût de production
D22: Marge sur ingénierie
D25: Salaires chargés collaborateurs RETAIL (commerciaux)
D26: Frais de déplacement (commerciaux)
D27: Frais de formation (commerciaux)
D29: Salaires chargés collaborateurs RETAIL (administratifs) | E29: RE018
D30: Frais de déplacement (administratifs) | E30: RE019
D31: Frais de formation (administratifs) | E31: RE020
D33: Coût des voitures | E33: RE021
D34: Management fees | E34: RE022
D36: Marge contributive directe
D38: Coût des locaux | E38: RE023
D39: Assurances | E39: RE024
D40: Honoraires | E40: RE025
D41: Autres frais de déplacement | E41: RE026
D42: Téléphonie et internet | E42: RE027
D43: Impôts et taxes | E43: RE028
D44: Amortissements | E44: RE029
D46: Autres charges | E46: RE030
D47: Autres produits | E47: RE031
D49: Résultat d'exploitation
